Map: Curious Minds LE

Players

tossEZmode

  • Race: Terran Terran
  • League: Diamond

Corrz - Winner!

  • Race: Protoss Protoss
  • League: Diamond

VOD

Have the link to the VOD?

Description

Time

  • Played on: Dec. 18, 2021, 10:12 a.m.
  • Length: 10:26
Show
View Real Time Build Order
Export as new Build Order

tossEZmode Terran 

Build Orders: Reaper Expand 

Get SALT Encoding   

  12  0:01  SCV  
  13  0:13  SCV  
  14  0:17  Supply Depot  
  14  0:25  SCV  
  15  0:39  SCV  
  15  0:42  Barracks  
  16  0:45  Refinery  
  16  0:51  SCV  
  17  1:03  SCV  
  18  1:15  SCV  
  19  1:29  Reaper  
  19  1:30  Orbital Command  
  20  1:43  Bunker  
  20  1:49  Command Center  
  20  1:56  SCV  
  21  2:03  Marine  
  21  2:08  Factory, SCV  
  23  2:14  Supply Depot  
  23  2:22  Refinery  
  23  2:30  Barracks Reactor  
  23  2:35  Bunker  
  23  2:36  SCV  
  24  2:48  SCV  
  25  2:53  Widow Mine  
  27  3:00  SCV  
  27  3:01  Orbital Command  
  27  3:04  Starport  
  28  3:07  Marine x2  
  29  3:20  SCV  
  29  3:21  Widow Mine  
  29  3:26  Marine x2  
  34  3:28  SCV  
  34  3:32  SCV  
  36  3:40  SCV  
  37  3:44  Factory Tech Lab  
  37  3:45  Medivac  
  37  3:47  Supply Depot, SCV  
  40  3:50  Barracks  
  40  3:54  Barracks  
  40  3:55  SCV  
  41  3:59  SCV, Marine  
  43  4:11  SCV, Marine  
  43  4:12  SCV  
  43  4:14  Supply Depot  
  43  4:16  Starport Tech Lab  
  46  4:19  Marine  
  46  4:21  Factory Reactor  
  46  4:24  SCV  
  48  4:27  SCV  
  48  4:30  Marine, Refinery  
  48  4:31  Engineering Bay  
  50  4:36  Supply Depot, SCV  
  51  4:41  SCV, Marine  
  53  4:46  Stimpack, Starport Reactor  
  53  4:47  Barracks Tech Lab  
  53  4:48  SCV  
  53  4:50  Marine  
  53  4:52  Marauder  
  57  4:54  SCV  
  57  4:58  Supply Depot, Terran Infantry Weapons Level 1  
  58  5:00  SCV  
  59  5:10  SCV  
  59  5:11  Marauder, Marine x2  
  59  5:13  SCV  
  65  5:17  Marauder, Supply Depot  
  65  5:21  Widow Mine x2  
  71  5:26  Supply Depot  
  71  5:28  SCV  
  71  5:31  Marine x2  
  71  5:32  Medivac  
  71  5:33  Medivac  
  76  5:37  Marauder  
  76  5:41  Marauder  
  76  5:42  SCV  
  81  5:45  Supply Depot  
  81  5:49  Widow Mine x2, Combat Shield  
  85  5:51  Marine  
  85  5:52  Marine  
  87  6:02  Supply Depot  
  87  6:04  SCV  
  87  6:05  Marauder  
  87  6:06  Marauder  
  87  6:11  Medivac  
  92  6:13  SCV  
  92  6:16  SCV  
  92  6:23  Marine x2  
  94  6:26  Medivac, Concussive Shells  
  94  6:27  SCV  
  94  6:28  Command Center  
  97  6:34  Supply Depot  
  97  6:36  Marauder x2  
  97  6:39  SCV  
  102  6:40  SCV  
  103  6:52  Terran Infantry Armor Level 1  
  103  6:54  Marine x2  
  103  6:58  SCV  
  101  7:02  Marauder, Marine  
  101  7:08  SCV  
  98  7:12  SCV, Marine x2  
  98  7:14  Barracks  
  101  7:19  Barracks  
  101  7:20  Marauder, SCV, Starport  
  101  7:21  Factory Reactor  
  104  7:23  Marine  
  104  7:24  Ghost Academy  
  104  7:25  Refinery  
  104  7:28  SCV  
  106  7:30  Supply Depot, Marine  
  106  7:35  SCV  
  106  7:41  Marauder  
  106  7:43  Orbital Command  
  104  7:52  Marine  
  104  7:53  Marauder  
  104  7:54  Marine  
  104  7:56  Viking x2  
  104  7:57  SCV  
  112  7:58  SCV  
  112  8:02  Marine  
  114  8:07  Barracks Tech Lab  
  114  8:10  Marine  
  114  8:12  SCV  
  117  8:13  Barracks Tech Lab  
  117  8:14  Marauder  
  117  8:16  SCV  
  117  8:18  SCV  
  120  8:20  Ghost  
  120  8:21  Refinery x2  
  120  8:22  Enhanced Shockwaves  
  120  8:23  Marine  
  120  8:24  SCV  
  124  8:27  Engineering Bay  
  124  8:31  SCV  
  124  8:32  Barracks, SCV  
  124  8:33  Barracks  
  126  8:35  Supply Depot, Barracks  
  126  8:36  Marauder  
  126  8:38  Marauder  
  126  8:41  Marauder, Supply Depot, Marine  
  133  8:42  SCV  
  133  8:45  SCV x2  
  133  8:48  Supply Depot, Ghost  
  136  8:54  SCV  
  139  8:55  Supply Depot  
  139  8:58  Supply Depot  
  139  8:59  Marauder  
  139  9:00  Missile Turret  
  139  9:01  Medivac  
  139  9:02  Missile Turret  
  143  9:09  SCV x2  
  145  9:10  Ghost  
  145  9:11  Marauder, Marine x2  
  145  9:15  SCV  
  145  9:16  Armory  
  152  9:18  Marauder  
  152  9:20  Bunker  
  152  9:23  SCV  
  152  9:24  Supply Depot, SCV  
  156  9:27  SCV  
  157  9:33  Medivac  
  157  9:36  Fusion Core  
  159  9:43  SCV x3  
  159  9:44  Marauder, Marine  
  165  9:51  Marauder, Marine  
  168  9:53  Marine x2  
  168  9:59  Command Center  
Show
View Real Time Build Order
Export as new Build Order

Corrz Protoss - Winner!

Build Orders: 1 Gate Expand, Blink Stalkers 

Get SALT Encoding   

  12  0:01  Probe  
  13  0:13  Probe  
  14  0:17  Pylon  
  14  0:25  Probe  
  15  0:36  Gateway  
  15  0:38  Probe (Chrono Boost)  
  16  0:45  Assimilator  
  16  0:48  Probe (Chrono Boost)  
  17  0:53  Probe  
  18  1:05  Probe  
  19  1:18  Probe  
  20  1:23  Cybernetics Core  
  20  1:30  Probe  
  21  1:40  Nexus  
  21  1:50  Pylon  
  21  1:52  Probe  
  22  1:57  Assimilator  
  22  2:05  Probe  
  23  2:08  Adept (Chrono Boost)  
  23  2:12  Warp Gate  
  25  2:17  Probe  
  26  2:29  Probe  
  27  2:32  Stalker (Chrono Boost)  
  29  2:41  Probe  
  30  2:45  Twilight Council  
  30  2:52  Probe  
  30  2:53  Probe  
  32  3:04  Probe  
  33  3:06  Probe  
  34  3:16  Probe  
  34  3:17  Blink (Chrono Boost)  
  34  3:18  Probe  
  36  3:27  Gateway  
  36  3:28  Probe  
  36  3:30  Robotics Facility, Probe  
  38  3:38  Pylon  
  38  3:40  Probe  
  39  3:42  Probe  
  40  3:53  Probe  
  40  3:54  Probe  
  42  4:05  Probe  
  42  4:06  Probe  
  42  4:17  Gateway  
  42  4:18  Gateway  
  42  4:19  Nexus  
  42  4:20  Observer (Chrono Boost)  
  42  4:23  Stalker  
  46  4:29  Stalker  
  47  4:33  Observer (Chrono Boost)  
  48  4:40  Probe  
  48  4:45  Pylon, Gateway  
  49  4:47  Charge (Chrono Boost), Probe  
  49  4:48  Pylon  
  49  4:49  Gateway  
  50  4:53  Stalker  
  50  4:54  Probe  
  53  5:11  Stalker  
  55  5:18  Probe  
  56  5:22  Probe  
  57  5:31  Probe x2  
  57  5:34  Probe  
  60  5:39  Gateway  
  60  5:41  Gateway  
  60  5:43  Gateway x2, Probe (Chrono Boost)  
  60  5:45  Stalker x2, Probe (Chrono Boost)  
  60  5:49  Probe (Chrono Boost)  
  67  5:54  Warp Prism  
  69  6:01  Stalker x2  
  69  6:02  Probe (Chrono Boost)  
  69  6:04  Probe  
  75  6:14  Probe  
  75  6:16  Probe  
  75  6:22  Zealot x4  
  83  6:25  Shield Battery  
  83  6:27  Shield Battery  
  83  6:28  Sentry  
  85  6:36  Pylon  
  85  6:38  Pylon  
  85  6:40  Pylon  
  77  6:58  Zealot x2  
  77  6:59  Zealot x8  
  71  7:11  Probe  
  72  7:18  Zealot  
  72  7:19  Zealot x8  
  72  7:20  Zealot  
  92  7:25  Probe  
  92  7:26  Templar Archives  
  93  7:35  Probe  
  94  7:38  Probe  
  94  7:39  Probe  
  94  7:41  Zealot  
  94  7:42  Zealot x5  
  108  7:47  Probe  
  108  7:48  Zealot x2  
  108  7:50  Probe  
  99  7:51  Probe  
  96  7:59  Stalker, Probe  
  96  8:02  Probe  
  96  8:04  Probe (Chrono Boost)  
  95  8:08  Assimilator  
  95  8:10  Stalker x2  
  95  8:11  Psionic Storm  
  97  8:14  Probe (Chrono Boost)  
  97  8:16  Probe (Chrono Boost)  
  99  8:21  Probe (Chrono Boost)  
  99  8:24  Probe (Chrono Boost)  
  99  8:26  Probe (Chrono Boost)  
  101  8:35  Pylon  
  101  8:38  Nexus  
  101  8:41  Pylon  
  101  8:51  Pylon  
  101  8:53  Probe  
  102  8:58  Zealot x3  
  108  9:07  Nexus  
  108  9:09  Shield Battery  
  108  9:10  Warp Prism (Chrono Boost), High Templar x2, Shield Battery  
  108  9:12  Pylon  
  114  9:18  Zealot  
  114  9:19  Zealot x3  
  114  9:20  High Templar  
  124  9:33  Forge  
  124  9:35  Probe  
  124  9:37  Pylon  
  125  9:39  Zealot x3, Pylon  
  125  9:40  Zealot  
  125  9:41  Pylon  
  125  9:43  Pylon  
  133  9:55  Zealot x4  
  127  10:10  Archon  
  127  10:12  Zealot x2  
  127  10:13  Zealot x2  
  99  10:26  Stalker x4  
Tags
 
Add a new tag
Caveats
  • Supply blocks, unpowered buildings, or Contaminate may cause inaccurate times.
  • Supply counts are checked every 10 seconds.